Unix NetHack Version 5.0.0-0 post-release - last build May  4 2026 22:22:43 (774f63e81ad911689b3a0859ea89b322d5daca8d,branch:main).

Game began 2026-05-04 13:36:27, ended 2026-05-05 06:18:59.

BSL2425737, lawful female dwarven Valkyrie

                                                     %##%#
                                                         ##     ------
                                                        ######  |....|
                                                          ##Ba@ .....|
                                                                |....|
                                                                |..<.|
                                                                |....|
                                                                |....|
                                                                ------

BSL2425737 the Skirmisher   St:18 Dx:16 Co:17 In:8 Wi:9 Ch:5  Lawful
Dlvl:7  $:86 HP:0(34) Pw:6(6) AC:7  Xp:3 T:1679 

Latest messages:
 There is a doorway here.  You see here a dagger.
 t - a dagger.
 The large kobold tries to wield a club.  The large kobold's sling is welded to his hand!
 You miss the large kobold.
 You miss the large kobold.  The large kobold swings his sling.  The large kobold hits!
 You miss the large kobold.
 You hit the large kobold.  The golden naga hatchling bites!
 What do you want to wield? [- abhjntu or ?*] *
 What do you want to wield? [- abhjntu or ?*] 4
 Count: 4 <space>
 Never mind.
 You hit the golden naga hatchling!  The golden naga hatchling bites!
 You miss the golden naga hatchling.  The large kobold swings his sling.  The large kobold hits!  The golden naga hatchling bites!
 You miss lyosha's ghost.  Lyosha's ghost touches you!  The golden naga hatchling bites!
 You miss lyosha's ghost.  Lyosha's ghost touches you!  The golden naga hatchling bites!
 You miss lyosha's ghost.  The golden naga hatchling bites!
 You miss the golden naga hatchling.  The golden naga hatchling just misses!
 You miss lyosha's ghost.  Lyosha's ghost touches you!  The golden naga hatchling bites!
 Restoring save file...
 Velkommen BSL2425737, the dwarven Valkyrie, welcome back to NetHack!
 Restoring save file...
 Velkommen BSL2425737, the dwarven Valkyrie, welcome back to NetHack!
 What do you want to throw? [$abhjnt or ?*] *
 In what direction? 4
 You kill the golden naga hatchling!
 Lyosha's ghost touches you!
 You miss lyosha's ghost.
 Lyosha's ghost touches you!
 You hear a door open.
 h - a dart (12 in total).
 You have trouble lifting a golden naga hatchling corpse.  Continue? [ynq] (q) n
 x - a brown potion.
 You miss the giant ant.
 The giant ant bites!
 You die...
 Do you want your possessions identified? [ynq] (y) y
 Do you want to see your attributes? [ynq] (y) y
 Do you want an account of creatures vanquished? [ynaq] (y) y
 Do you want to see your conduct and achievements? [ynq] (y) y
 Do you want to see the dungeon overview? [ynq] (y) y

Inventory:
 Coins    ('$')
  $ - 86 gold pieces
 Amulets  ('"')
  s - an uncursed amulet of ESP
 Weapons  (')')
  n - 7 +0 elven arrows
  h - 12 +1 darts
  b - a +0 dagger (alternate weapon; not wielded)
  t - a cursed +0 dagger
  a - a rusty +1 dwarvish spear (at the ready)
  j - a very rusty +0 orcish dagger
  u - a cursed -1 trident (weapon in right hand)
 Armor    ('[')
  k - an uncursed corroded +0 orcish helm
  c - an uncursed burnt +3 small shield (being worn)
 Comestibles  ('%')
  d - 2 uncursed food rations
  w - an uncursed fortune cookie
  r - 2 uncursed tripe rations
 Spellbooks  ('+')
  l - an uncursed spellbook of clairvoyance
 Potions  ('!')
  x - an uncursed potion of extra healing
  g - an uncursed potion of healing
  f - an uncursed potion of sleeping
 Wands    ('/')
  p - a wand of probing (0:4)
 Tools    ('(')
  e - an uncursed unlocked large box containing 2 items
 Gems/Stones  ('*')
  v - an uncursed worthless piece of black glass
  m - an uncursed worthless piece of blue glass
  i - 2 uncursed worthless pieces of green glass
  o - 10 uncursed rocks
 Boulders/Statues  ('`')
  q - an empty uncursed statue of a cave spider

Contents of the large box:
  2 uncursed worthless pieces of green glass
  an uncursed worthless piece of red glass

BSL2425737 the Valkyrie's attributes:

Background:
 You were a Skirmisher, a level 3 dwarven Valkyrie.
 You were lawful, on a mission for Tyr
 who was opposed by Odin (neutral) and Loki (chaotic).
 You were right-handed.
 You were in the Dungeons of Doom, on level 7.
 You entered the dungeon 1679 turns ago.
 You had 57 experience points, 23 more were needed to attain level 4.

Basics:
 You had 0 out of 34 hit points.
 You had all 6 energy points (spell power).
 Your armor class was 7.
 Your wallet contained 86 zorkmids.
 Autopickup was off.

Final Characteristics:
 Your strength was 18 (limit:18/100).
 Your dexterity was 16 (limit:20).
 Your constitution was 17 (limit:20).
 Your intelligence was 8 (limit:16).
 Your wisdom was 9 (limit:16).
 Your charisma was 5 (limit:16).

Final Status:
 You weren't hungry.
 You were unencumbered.
 You were wielding a trident.
 You were unskilled in trident.

Final Attributes:
 You were devoutly aligned.
 You were cold resistant.
 You had infravision.
 You were stealthy.
 You are dead.

Miscellaneous:
 You encountered 1 bones level.
 Total elapsed playing time was 2 hours, 52 minutes and 21 seconds.

Major events:
 Turn
    1: BSL2425737 the lawful dwarven Valkyrie entered the dungeon
 1206: attained the rank of Skirmisher (level 3)
 1679: killed by a giant ant

You didn't know any spells.

Skills:
 Fighting Skills
   bare handed combat [Unskilled]
   two weapon combat  [Unskilled]
   riding             [Unskilled]
 Weapon Skills
   dagger             [Basic]
   axe                [Unskilled]
   pick-axe           [Unskilled]
   short sword        [Unskilled]
   broadsword         [Unskilled]
   long sword         [Unskilled]
   two-handed sword   [Unskilled]
   saber              [Unskilled]
   hammer             [Unskilled]
   quarterstaff       [Unskilled]
   polearms           [Unskilled]
   spear              [Basic]
   trident            [Unskilled]
   lance              [Unskilled]
   sling              [Unskilled]
 Spellcasting Skills
   attack spells      [Unskilled]
   escape spells      [Unskilled]

Voluntary challenges:
 Character rerolling was not enabled.
 You followed a strict vegan diet.
 You were illiterate.
 You never genocided any monsters.
 You never polymorphed an object.
 You never changed form.
 You used no wishes.
Achievements:
 You attained the rank of Skirmisher.
 You entered a shop.

 The Dungeons of Doom: levels 1 to 7
    Level 1:
       A fountain.
    Level 2:
    Level 3:
    Level 4:
    Level 5:
    Level 6:
       An armor shop.
    Level 7: <- You were here.
       Final resting place for
          you, killed by a giant ant,
          lyosha-Cav-Dwa-Mal-Law, killed by a giant ant.


Vanquished creatures:
  a golden naga hatchling
  a kobold leader
  a giant rat
  2 cave spiders
  a gecko
  3 jackals
  3 foxes
  a kobold
  2 goblins
  5 grid bugs
  a kobold zombie
  5 newts
26 creatures vanquished.

No species were genocided or became extinct.

Game over:
                       ----------
                      /          \
                     /    REST    \
                    /      IN      \
                   /     PEACE      \
                  /                  \
                  |    BSL2425737    |
                  |      86 Au       |
                  |   killed by a    |
                  |    giant ant     |
                  |                  |
                  |                  |
                  |       2026       |
                 *|     *  *  *      | *
        _________)/\\_//(\/(/\)/\//\/|_)_______

Farvel BSL2425737 the Valkyrie...

You died in The Dungeons of Doom on dungeon level 7 with 606 points,
and 86 pieces of gold, after 1679 moves.
You were level 3 with a maximum of 34 hit points when you died.

